 Dungeon Crawl Stone Soup version 0.30-a0-778-g2ef04afb54 (webtiles) character file.

Game seed: 11612341595179367445

539 greynaab the Shooter (level 7, -3/50 HPs)
             Began as a Formicid Hunter on Feb 15, 2023.
             Was an Initiate of Hepliaklqana.
             Slain by a black bear (5 damage)
             ... on level 5 of the Dungeon.
             The game lasted 00:10:37 (3723 turns).

greynaab the Shooter (Formicid Hunter)              Turns: 3723, Time: 00:10:38

Health: -3/50      AC:  3    Str: 16    XL:     7   Next: 51%
Magic:  7/7        EV: 11    Int:  8    God:    Hepliaklqana [......]
Gold:   172        SH: 10    Dex: 19    Spells: 6/6 levels left

rFire   + . .      SeeInvis +    b - +4 dagger (venom)
rCold   . . .      Faith    .    d - +0 kite shield
rNeg    . . .      Spirit   .    c - +0 leather armour
rPois   +          Reflect  .    (helmet unavailable)
rElec   .          Harm     .    (no cloak)
rCorr   .          Rampage  .    (no gloves)
Will    .....                    (no boots)
Stlth   ++                       (no amulet)
HPRegen 0.28/turn                g - ring of poison resistance
MPRegen 0.10/turn                n - ring of protection from fire

@: attractive
A: permanent stasis, dig shafts and tunnels, antennae 3, four strong arms
a: Dig, Shaft Self, Renounce Religion


You were on level 5 of the Dungeon.
You worshipped Hepliaklqana.
Hepliaklqana was noncommittal.
You visited 2 branches of the dungeon, and saw 6 of its levels.

You collected 298 gold pieces.
You spent 126 gold pieces at shops.

Inventory:

Hand Weapons
 a - a +0 shortbow
 b - a +4 dagger of venom (weapon)
Missiles
 y - 12 poisoned darts
Armour
 c - a +0 leather armour (worn)
 d - a +0 kite shield (worn)
Jewellery
 g - a ring of poison resistance (left hand)
 n - a ring of protection from fire (right hand)
 x - a ring of wizardry
Wands
 m - a wand of digging (5)
 t - a wand of charming (11)
Scrolls
 e - a scroll of fog {unknown}
 f - a scroll of amnesia {unknown}
 i - a scroll of noise {unknown}
 k - 4 scrolls of teleportation {unknown}
 l - a scroll of fear {unknown}
 o - a scroll of blinking {unknown}
 q - a scroll of magic mapping
 s - a scroll of torment {unknown}
 z - 2 scrolls of identify
 A - a scroll of poison {unknown}
Potions
 h - 2 potions of magic
 j - 2 potions of mutation
 p - a potion of might
 v - 2 potions of attraction


   Skills:
 - Level 2.1 Fighting
 * Level 7.4 Ranged Weapons
 - Level 1.7 Dodging
 - Level 1.2 Stealth
 + Level 5.3 Shields


You had 6 spell levels left.
You didn't know any spells.
Your spell library contained the following spells:

 Spells                   Type           Power      Damage    Failure   Level
 Magic Dart               Conj           0%         1d3       75%         1
 Searing Ray              Conj           0%         2d4       87%         2
 Gell's Gravitas          Tloc           0%         N/A       98%         3
 Portal Projectile        Hex/Tloc       0%         N/A       98%         3
 Teleport Other           Tloc           0%         N/A       98%         3
 Tukima's Dance           Hex            0%         N/A       98%         3
 Fulminant Prism          Conj/Hex       0%         3d5       100%        4
 Blade Hands              Tmut           0%         N/A       100%        5
 Dispersal                Tloc           0%         N/A       100%        6


Dungeon Overview and Level Annotations

Branches:
Dungeon (5/15) Zot: 26410  Temple (1/1) D:5 Zot: 5787

Altars:
Ashenzari
Cheibriados
Dithmenos
Elyvilon
Fedhas
Hepliaklqana
Makhleb
Nemelex Xobeh
Sif Muna
Trog
Vehumet
Wu Jian
Zin
The Shining One

Shops:
D:2 ?

Annotations:
D:4 Dowan, Duvessa


Innate Abilities, Weirdness & Mutations

You cannot be hasted, slowed, berserked, paralysed or teleported.
You can dig through walls and to a lower floor.
You have a pair of large antennae on your head. (SInv)
Your four strong arms can wield two-handed weapons with a shield.


Message History

You kill the orc!
You hit the black bear.
The black bear is poisoned.
The black bear is lightly wounded.
You block the black bear's attack. The black bear misses you.
The black bear claws you. The black bear bites you. The black bear claws you.
The black bear completely misses you.
You hit the black bear.
The black bear looks as sick as possible!
The black bear is lightly wounded.
You block the black bear's attack. The black bear closely misses you.
You block the black bear's attack.
You puncture the black bear!
The black bear looks as sick as possible!
The black bear is heavily wounded.
The black bear bites you.
* * * LOW HITPOINT WARNING * * *
You block the black bear's attack. The black bear barely misses you.
You hit the black bear.
The black bear is heavily wounded.
You block the black bear's attack. x2; The black bear closely misses you.
You hit the black bear.
The black bear looks as sick as possible!
The black bear is severely wounded.
The black bear goes berserk!
You puncture the black bear!
The black bear looks as sick as possible!
The black bear is almost dead.
The black bear bites you!
* * * LOW HITPOINT WARNING * * *
You block the black bear's attack. The black bear barely misses you.
The black bear bites you but does no damage.
The black bear barely misses you. The black bear closely misses you.
The black bear rages.
The black bear attacks as you move away!
The black bear barely misses you. The black bear claws you.
* * * LOW HITPOINT WARNING * * *
You block the black bear's attack. The black bear bites you.
* * * LOW HITPOINT WARNING * * *
You block the black bear's attack. The black bear claws you.
You die...

,,,******,***#.#*#.#.#**#..##....
,,,* *,,,,,##.⌠.#*#.⌠,##..,*#.P>.
,,,* *,***,.##.#.###.##.#**##.PPP
,,,***,***,#..#o....#...####..P..
,,,,,,,,,,,......................
,,,,,,,***,#.######.###.#.####.##
,,,,**** *,#.* #.#...#.# #.#*
,,,,**####.#.######.#.###.# #.#,
,,,,,,.......).h@.........#**#.#,
,,,,**####.#.#####.........,,*.#,
*,***** *,#.* #.........,,,..,
***,,~****'#.****#........#**,,#.
**~,,,~*,,,..,,,*#........# *,,#.
*~,~*~~*,,,..,,,*#........# *,,##
*~,~*~,*,,...,,,*#........# **,*
*~∩~*~~*,,...,,,*#........* *,*
*~,~*~~*,,,,,,,,**,,,,,,,,* *,*


You could see a black bear (berserk, extremely poisoned).

Vanquished Creatures
  An ice beast (D:4)
  A phantom (D:2)
  A crimson imp (D:4)
  2 orc priests (D:5)
  An iguana (D:4)
  2 orc wizards
  5 adders
  An ufetubus (D:5)
  5 worms
  5 dart slugs
  17 orcs
  6 ball pythons
  8 bats
  10 endoplasms
  3 giant cockroaches
  7 goblins
  13 hobgoblins
  7 jackals
  11 kobolds
  4 quokkas
  6 frilled lizards
  7 rats
123 creatures vanquished.

Notes
Turn   | Place    | Note
-------+----------+-------------------------------------------
     0 | D:1      | greynaab the Formicid Hunter began the quest for the Orb.
     0 | D:1      | Reached XP level 1. HP: 16/16 MP: 1/1
   146 | D:1      | Reached skill level 1 in Shields
   146 | D:1      | Reached XP level 2. HP: 22/22 MP: 2/2
   234 | D:1      | Reached XP level 3. HP: 26/27 MP: 3/3
   248 | D:1      | Found a faded altar of an unknown god.
   628 | D:1      | Reached XP level 4. HP: 33/33 MP: 4/4
   839 | D:2      | Reached skill level 5 in Ranged Weapons
   939 | D:2      | Noticed a phantom
   949 | D:2      | Killed a phantom
   950 | D:2      | Reached XP level 5. HP: 38/38 MP: 5/5
  1536 | D:2      | Found Wosyess's Magic Scroll Shop.
  1543 | D:2      | Bought a scroll of magic mapping for 82 gold pieces
  1543 | D:2      | Bought a scroll of identify for 22 gold pieces
  1543 | D:2      | Bought a scroll of identify for 22 gold pieces
  1683 | D:3      | Identified the +5 helmet of Cowno {Rampage Dex+4 Slay+2}
  1883 | D:3      | Reached skill level 6 in Ranged Weapons
  1883 | D:3      | Reached XP level 6. HP: 43/44 MP: 6/6
  2646 | D:4      | Found a burning altar of Makhleb.
  2646 | D:4      | Found a radiant altar of Vehumet.
  2704 | D:4      | Noticed Duvessa
  2740 | D:4      | Found a white marble altar of Elyvilon.
  2950 | D:4      | Noticed an ice beast
  2960 | D:4      | Killed an ice beast
  2961 | D:4      | Reached skill level 7 in Ranged Weapons
  2961 | D:4      | Reached XP level 7. HP: 12/50 MP: 7/7
  3101 | D:4      | Noticed Dowan
  3260 | D:5      | Entered Level 5 of the Dungeon
  3269 | D:5      | Reached skill level 5 in Shields
  3438 | D:5      | Found a staircase to the Ecumenical Temple.
  3453 | Temple   | Entered the Ecumenical Temple
  3653 | Temple   | Became a worshipper of Hepliaklqana the Forgotten
  3723 | D:5      | Slain by a black bear

Illustrated notes

Levels and vault maps discovered:
D:1:      erik_arrival_triangle_small, layout_basic, basic_ecumenical_altar
D:2:      layout_loops_ring, serial_shops, shop, hangedman_decor_diamond_cutter,
          chequers_arboretum, grunt_decor_fettered,
          hangedman_abyss_or_decor_stabs, minmay_divided_ellipse
D:3:      minmay_chambers_of_threes, layout_loops_ring
D:4:      layout_cave_pools, grunt_temple_overflow_lords_of_destruction,
          mainiacjoe_overflow_chevrons, serial_column_ruins, column_ruins_hut,
          column_ruins_hut_pillars, column_ruins_corridor_straight,
          column_ruins_grid_1, column_ruins_columns_straight,
          grunt_decor_one_mirror, uniq_duvessa
D:5:      layout_basic, mainiacjoe_overflow_brackets,
          minmay_temple_entry_overgrown, gup_sewer_entry_pipe,
          grunt_decor_mini_mirrors
Temple:   grunt_temple_mini_profane

Skill      XL: |  1  2  3  4  5  6  7 |
---------------+----------------------+-----
Shields        | 1 2 3 4 5 |  5.3
Ranged Weapons | 5 6 7 |  7.4
Fighting       | |  2.1
Dodging        | |  1.7
Stealth        | |  1.2

Action                     |  1- 3 |  4- 6 |  7- 9 || total
---------------------------+-------+-------+-------++-------
  Melee: Dagger            |     8 |    62 |    25 ||    95
   Fire: Shortbow          |    56 |   150 |    12 ||   218
Ability: Dig               |     1 |       |       ||     1
    Use: Scroll            |       |     4 |     1 ||     5
         Potion            |       |       |     5 ||     5
   Stab: Sleeping          |       |     1 |       ||     1
 Armour: Leather armour    |    11 |    16 |     3 ||    30
  Dodge: Dodged            |    11 |    29 |    18 ||    58
  Block: Kite shield       |    19 |    51 |    14 ||    84

Table legend: (Time is in decaauts)
 A = Elapsed time spent in this place.
 B = Non-inter-level travel time spent in this place.
 C = Inter-level travel time spent in this place.
 D = Time resting spent in this place.
 E = Time spent auto-exploring this place.
 F = Levels seen in this place.
 G = Mean time per level.
                   A        B        C        D        E       F      G
               +--------+--------+--------+--------+--------+-----+--------+
         Total |   3801 |   3616 |    185 |    241 |   2629 |   6 |  633.5 |
       Dungeon |   3588 |   3441 |    147 |    241 |   2459 |   5 |  717.6 |
        Temple |    212 |    174 |     38 |      0 |    170 |   1 |  212.0 |
               +--------+--------+--------+--------+--------+-----+--------+

Top non-repeatable levels by time:
     D:2: 927 daAuts
     D:4: 831 daAuts
     D:1: 791 daAuts
     D:3: 782 daAuts
     D:5: 255 daAuts
  Temple: 212 daAuts
